 Dungeon Crawl Stone Soup version 0.32-a0-519-g08f29ac1c3 (webtiles) character file.

Game seed: 15880514210837510438

3 Goblin1989 the Sneak (level 1, -9/17 (18) HPs)
             Began as a Demonspawn Delver on Feb 27, 2024.
             Mangled by Menkaure (22 damage)
             ... on level 5 of the Dungeon.
             The game lasted 00:01:03 (85 turns).

Goblin1989 the Sneak (Demonspawn Delver)              Turns: 85, Time: 00:01:04

HP:   -9/17 (18)    AC:  3    Str: 12    XL:     1   Next: 41%
MP:   1/1           EV: 11    Int: 10    God:
Gold: 17            SH:  0    Dex: 14    Spells: 0/0 levels left

rFire   . . .        h - +2 dagger (drain)
rCold   . . .        (no shield)
rNeg    . . .        b - +0 leather armour
rPois   .            (no helmet)
rElec   .            (no cloak)
rCorr   .            (no gloves)
SInv    .            (no boots)
Will    .....        (no amulet)
Stlth   +++          (no ring)
HPRegen 0.22/turn    (no ring)
MPRegen 0.07/turn

%: no passive effects
@: drained
A: no striking features
a: no special abilities


You were on level 5 of the Dungeon.
You visited 1 branch of the dungeon, and saw 2 of its levels.

You collected 17 gold pieces.

Inventory:

Hand Weapons
 a - a +0 short sword
 h - a +2 dagger of draining (weapon)
Armour
 b - a +0 leather armour (worn)
Wands
 g - a wand of digging (3) {@v3}
Scrolls
 c - 2 scrolls of fog
 d - a scroll of revelation
 e - a scroll of fear
 k - a scroll of blinking {unknown}
Potions
 f - a potion of haste {@q3,}
 i - a potion of invisibility {unknown}
 j - a potion of enlightenment {unknown}


   Skills:
 - Level 3.0 Fighting
 + Level 1.9 Short Blades
 - Level 1.7 Dodging
 + Level 4.6 Stealth


You couldn't memorise any spells.
You didn't know any spells.
Your spell library was empty.

Dungeon Overview and Level Annotations

Branches:
Dungeon (5/15) Zot: 11915
 Temple: D:4-7

Altars:

Annotations:
D:5 Menkaure


Message History

You hear the sound of rushing water.
There is an entrance to a sewer on this level.
Hurry and find it before the portal rusts away!
Bad monster_list_colour key: strict_neutral Options error: Unknown explore stop condition 'gates' (Goblin1989.rc:83) Welcome, Goblin1989 the Demonspawn Delver.
It is said that the Orb of Zot exists deep within this dungeon.
Press ? for a list of commands and other information.
Found a stone staircase leading down.
You open the door.
An orc comes into view. It is wielding a +2 dagger of draining.
Found an emerald potion and 17 gold pieces.
You start waiting.
An orc is nearby!
You barely miss the orc. The orc misses you.
You hit the orc.
The orc is lightly wounded.
The orc barely misses you.
Press: ? - help, v - describe, . - travel
Here: an orc, wielding a +2 dagger of draining (lightly wounded)
The floor.
Unknown command.
You closely miss the orc.
The orc is lightly wounded.
The orc hits you but does no damage.
You feel drained.
You take 1 damage, and have 17/17 hp.
You hit the orc.
The orc is heavily wounded.
The orc hits you but does no damage.
You feel drained.
You take 1 damage, and have 16/16 hp.
You hit the orc but do no damage.
The orc is heavily wounded.
The orc closely misses you.
You hit the orc.
The orc is severely wounded.
The orc hits you with a +2 dagger of draining.
You feel drained.
You take 2 damage, and have 14/15 hp.
You hit the orc.
You kill the orc!
You see here a +2 dagger of draining.
h - a +2 dagger of draining You sense an unholy aura.
h - a +2 dagger of draining (weapon)
Health restored: 16
There is an open door here.
Found a stone staircase leading down.
i - an emerald potion You now have 17 gold pieces.
You hear the slow rusting of a very distant drain.
You open the door.
There is an open door here.
Found a stone staircase leading up.
Found a stone staircase leading up.
There is a stone staircase leading up here.
You climb upwards.
The hobgoblin shouts!
Found three items.
There is a stone staircase leading down here.
The hobgoblin misses you.
You hit the hobgoblin. You drain the hobgoblin.
You kill the hobgoblin!
Health restored: 17
j - a sedimented blue potion
k - a scroll labelled PEYTHR FIOSTOFO
c - 2 scrolls of fog (gained 1)
There is a stone staircase leading down here.
You climb downwards.
You hear the sound of rushing water.
There is an entrance to a sewer on this level.
Hurry and find it before the portal rusts away!
There is a stone staircase leading up here.
Menkaure, Prince of Dust comes into view.
Menkaure shouts!
Menkaure giggles, "These cerements are ticklish..."
You hit Menkaure but do no damage. You hit Menkaure.
Menkaure is lightly damaged.
Menkaure hits you.
You take 4 damage, and have 13/17 hp.
MASSIVE DAMAGE!!
You hit Menkaure.
Menkaure is moderately damaged.
Menkaure misses you.
You hit Menkaure.
Menkaure is heavily damaged.
Menkaure hits you!!
Ouch! That really hurt!
You die...

█.█ ██∆████████.
█.█ █.█ █. █.█ █.
██.██ █.
████...██
........<████
███.█...█...█████
█.██.██.█...... █
████@M.█████
........<██


██████████ You could see Menkaure.

Vanquished Creatures
  An orc (D:5)
  A hobgoblin (D:4)
2 creatures vanquished.

Notes
Turn   | Place    | Note
-------+----------+-------------------------------------------
     0 | D:5      | Goblin1989 the Demonspawn Delver began the quest for the
                  | Orb.
     0 | D:5      | Reached XP level 1. HP: 18/18 MP: 1/1
    80 | D:5      | Noticed Menkaure
    85 | D:5      | Mangled by Menkaure

Illustrated notes

Levels and vault maps discovered:
D:4:      layout_basic, fedhas_altar_fruit_tree, minmay_temple_entry_mist,
          uniq_natasha, uniq_eustachio
D:5:      corexii_shantytown, layout_loops_corners,
          mainiacjoe_sewer_entry_somewhere_in_here_2, serial_shops,
          nicolae_shop_tiny_glass, shop, shop_statue, shop, uniq_menkaure

Action                     || total
---------------------------++-------
  Melee: Short sword       ||     7
         Dagger            ||     5
 Armour: Leather armour    ||     5
  Dodge: Dodged            ||     5

Table legend: (Time is in decaauts)
 A = Elapsed time spent in this place.
 B = Non-inter-level travel time spent in this place.
 C = Inter-level travel time spent in this place.
 D = Time resting spent in this place.
 E = Time spent auto-exploring this place.
 F = Levels seen in this place.
 G = Mean time per level.
                   A        B        C        D        E       F      G
               +--------+--------+--------+--------+--------+-----+--------+
         Total |     83 |     83 |      0 |      5 |      0 |   2 |   41.5 |
       Dungeon |     83 |     83 |      0 |      5 |      0 |   2 |   41.5 |
               +--------+--------+--------+--------+--------+-----+--------+

Top non-repeatable levels by time:
     D:5: 66 daAuts
     D:4: 17 daAuts
